Map: Coda EC

Players

AgCl - Winner!

  • Race: Protoss Protoss

skaughtee

  • Race: Terran Terran

VOD

Have the link to the VOD?

Description

Time

  • Played on: May 5, 2015, 5:20 a.m.
  • Length: 5:47
Show
View Real Time Build Order
Export as new Build Order

AgCl Protoss - Winner!

Build Orders:  

Get SALT Encoding   

  12  0:14  Pylon  
  12  0:16  Probe  
  13  0:28  Probe  
  14  0:43  Gateway, Probe  
  15  0:51  Assimilator  
  15  0:55  Probe (Chrono Boost)  
  17  1:05  Probe (Chrono Boost)  
  17  1:12  Probe  
  19  1:31  Zealot (Chrono Boost)  
  21  1:35  Probe (Chrono Boost)  
  21  1:36  Cybernetics Core  
  21  1:45  Probe (Chrono Boost)  
  22  1:59  Pylon  
  22  2:03  Assimilator  
  22  2:21  Mothership Core (Chrono Boost)  
  25  2:23  Adept  
  25  2:28  Gateway  
  24  2:36  Warp Gate  
  24  2:37  Gateway  
  24  2:45  Probe (Chrono Boost)  
  24  2:55  Probe (Chrono Boost)  
  25  3:14  Nexus  
  23  3:20  Adept (Chrono Boost)  
  23  3:22  Probe  
  26  3:34  Probe (Chrono Boost)  
  27  3:36  Stalker  
  30  3:49  Probe (Chrono Boost)  
  30  3:57  Stargate  
  30  4:05  Probe  
  29  4:19  Probe (Chrono Boost)  
  30  4:29  Probe (Chrono Boost)  
  31  4:36  Probe  
  33  4:38  Probe  
  33  4:41  Oracle (Chrono Boost)  
  36  4:46  Pylon  
  36  4:48  Probe  
  36  4:49  Probe  
  36  4:57  Probe  
  36  5:00  Probe  
  36  5:05  Zealot  
  40  5:11  Adept  
  46  5:21  Stalker  
  46  5:23  Probe  
Show
View Real Time Build Order
Export as new Build Order

skaughtee Terran 

Build Orders:  

Get SALT Encoding   

  12  0:01  SCV  
  13  0:14  Supply Depot  
  13  0:20  SCV  
  14  0:32  SCV  
  15  0:40  Barracks  
  15  0:44  SCV  
  16  0:51  Refinery  
  16  0:56  SCV  
  17  1:08  Barracks  
  17  1:12  SCV  
  18  1:27  Orbital Command  
  18  1:39  Reaper  
  19  1:57  SCV  
  19  1:58  Barracks  
  20  2:03  Reaper  
  21  2:09  SCV  
  22  2:21  Reaper  
  23  2:25  Supply Depot  
  23  2:47  SCV  
  24  2:51  Reaper  
  23  3:06  Bunker  
  21  3:24  SCV  
  22  3:34  Engineering Bay  
  23  3:36  SCV  
  23  3:38  Command Center  
  22  3:53  Barracks Tech Lab  
  22  3:56  Refinery  
  20  4:13  Marauder  
  20  4:16  Factory  
  22  4:21  SCV  
  22  4:50  Marine  
  23  5:02  Widow Mine  
  23  5:06  Marine x2  
  27  5:09  Marine  
  28  5:21  Supply Depot  
  26  5:34  Missile Turret  
Tags
 
Add a new tag
Caveats
  • Supply blocks, unpowered buildings, or Contaminate may cause inaccurate times.
  • Supply counts are checked every 10 seconds.